 Dungeon Crawl Stone Soup version 0.26-a0-30-g56b8cd3df0 (webtiles) character file.

Game seed: 16020655872778989070, levelgen mode: deterministic

19860 gruber the Archer (level 12, -7/106 HPs)
             Began as a Centaur Hunter on June 3, 2020.
             Was an Elder of Okawaru.
             Mangled by Frances
             ... wielding a +5 trident of protection
              (17 damage)
             ... on level 13 of the Dungeon.
             The game lasted 00:25:11 (16492 turns).

gruber the Archer (Centaur Hunter)                 Turns: 16492, Time: 00:25:11

Health: -7/106     AC: 11    Str: 24    XL:     12   Next: 40%
Magic:  12/12      EV: 12    Int: 10    God:    Okawaru [****..]
Gold:   681        SH:  0    Dex:  9    Spells: 11/11 levels left

rFire    . . .     SeeInvis .   a - +1 shortbow
rCold    . . .     Gourm    .   (shield currently unavailable)
rNeg     . . .     Faith    .   M - +0 troll leather armour
rPois    .         Spirit   .   u - +0 helmet
rElec    .         Reflect  .   q - +0 cloak
rCorr    .         Harm     .   P - +1 pair of gloves {Str+3}
MR       +....                  (no barding)
Stlth    ..........             i - amulet of regeneration
HPRegen  1.07/turn              y - ring of protection from magic
MPRegen  0.13/turn              I - ring of attention

@: very quick
A: large, hooves 3, deformed body, speed 2, tough skin 3
a: Heroism, Renounce Religion


You were on level 13 of the Dungeon.
You worshipped Okawaru.
Okawaru was greatly pleased with you.
You were not hungry.

You visited 3 branches of the dungeon, and saw 16 of its levels.
You also visited: Volcano.

You collected 898 gold pieces.
You spent 217 gold pieces at shops.

Inventory:

Hand Weapons
 a - a +1 shortbow (weapon)
 r - the +5 quarterstaff of False Accusations {elec, rF+ MP+9 Int+6}
   (You found it on level 4 of the Dungeon)

   Occasionally, upon striking a foe, it will discharge some electrical energy
   and cause terrible harm.
   It affects your intelligence (+6).
   It protects you from fire.
   It affects your magic capacity (+9).
Missiles
 d - 40 arrows (quivered)
Armour
 q - a +0 cloak (worn)
 u - a +0 helmet (worn)
 M - a +0 troll leather armour (worn)
 N - a +2 chain mail of fire resistance
 P - a +1 pair of gloves of strength (worn)
 U - a +2 ring mail of fire resistance
 W - +0 swamp dragon scales
Jewellery
 i - an amulet of regeneration (around neck)
 k - an uncursed amulet of the acrobat
 y - a ring of protection from magic (left hand)
 H - an uncursed ring of ice
 I - a ring of attention (right hand)
 R - a cursed -4 ring of evasion {unknown}
Wands
 e - a wand of flame (17)
 s - a wand of clouds (2)
 x - a wand of paralysis (21)
 G - a wand of random effects (31)
 J - a wand of enslavement (14)
 Q - a wand of digging (9)
 S - a wand of acid (4)
 Z - a wand of disintegration (15)
Scrolls
 c - 3 scrolls of random uselessness {unknown}
 g - 4 scrolls of remove curse
 h - 12 scrolls of identify
 j - 3 scrolls of noise {unknown}
 l - 4 scrolls of magic mapping {unknown}
 p - 3 scrolls of blinking {unknown}
 v - a scroll of enchant armour {unknown}
 w - 3 scrolls of amnesia {unknown}
 A - 4 scrolls of fog {unknown}
 B - 3 scrolls of teleportation {unknown}
 D - 5 scrolls of immolation {unknown}
 F - 3 scrolls of enchant weapon {unknown}
 K - 5 scrolls of fear {unknown}
 V - a scroll of summoning {unknown}
Potions
 b - 2 potions of stabbing
 m - 6 potions of curing
 n - 3 potions of might
 o - a potion of invisibility
 t - 2 potions of mutation {unknown}
 z - 2 potions of brilliance {unknown}
 C - 2 potions of flight {unknown}
 E - a potion of lignification {unknown}
 L - a potion of berserk rage
 O - a potion of cancellation {unknown}
 T - 2 potions of resistance {unknown}
 Y - a potion of degeneration {unknown}
Comestibles
 f - 24 rations
 X - 6 chunks of flesh


   Skills:
 - Level 10.0 Fighting
 - Level 9.1 Staves
 * Level 13.5 Bows
 - Level 7.0 Armour
 - Level 6.0 Dodging
 - Level 0.4 Stealth


You had 11 spell levels left.
You didn't know any spells.
Your spell library contained the following spells:

 Spells                   Type           Power        Failure   Level  Hunger
 Animate Skeleton         Necr           N/A          38%         1    ##.....
 Apportation              Tloc           #.....       38%         1    ##.....
 Corona                   Hex            #......      38%         1    ##.....
 Pain                     Necr           #...         38%         1    ##.....
 Summon Small Mammal      Summ           #...         38%         1    ##.....
 Vampiric Draining        Necr           #.........   77%         3    ####...
 Animate Dead             Necr           N/A          99%         4    #####..
 Agony                    Necr           #.......     100%        5    ######.
 Bolt of Magma            Conj/Fire/Erth #.........   100%        5    ######.
 Iskenderun's Battlesphe  Conj/Chrm      #.......     100%        5    ######.
 Iron Shot                Conj/Erth      #.........   100%        6    #######
 Orb of Destruction       Conj           #.........   100%        7    #######
 Spellforged Servitor     Conj/Summ      #.........   100%        7    #######


Dungeon Overview and Level Annotations

Branches:
Dungeon (13/15)            Temple (1/1) D:4            Lair (2/6) D:8
    Orc (0/2) D:12        Volcano (visited)
  Swamp: Lair:2-4    Shoals: Lair:2-4     Snake: Lair:2-4    Spider: Lair:2-4
 Vaults: D:13-14

Altars:
Ashenzari
Cheibriados
Dithmenos
Elyvilon
Fedhas
Gozag
Hepliaklqana
Kikubaaqudgha
Makhleb
Nemelex Xobeh
Okawaru
Qazlal
Ru
Sif Muna
Trog
Uskayaw
Vehumet
Wu Jian
Xom
Yredelemnul
Zin
The Shining One

Shops:
D:10 [:(*=   D:11 [

Portals:
Trove: D:11 (give +6 demon trident)

Annotations:
D:7 2 transporters, MisterFreud's ghost, novice OpGl
D:13 Frances
Lair:1 exclusion: 2 oklob plants
Lair:2 Gastronok


Innate Abilities, Weirdness & Mutations

You have hooves in place of feet.
Armour fits poorly on your strangely shaped body.
You cover ground very quickly.
You have extremely tough skin. (AC +3)


Message History

You shoot an arrow.
The arrow hits Frances but does no damage.
Frances is almost dead.
Unknown command.
Unknown command.
Firing (i - inventory)
d - 42 arrows (quivered)
Press: ? - help, Shift-Dir - straight line, f/p - Frances
Aim: Frances, wielding a +5 trident of protection and wearing a +0 leather armour (almost dead, fast, very poisoned)
You shoot an arrow.
The arrow hits Frances but does no damage.
Frances is almost dead.
Unknown command.
Unknown command.
Firing (i - inventory)
d - 41 arrows (quivered)
Press: ? - help, Shift-Dir - straight line, f/p - Frances
Aim: Frances, wielding a +5 trident of protection and wearing a +0 leather armour (almost dead, fast, very poisoned)
You shoot an arrow. The arrow hits Frances.
Frances is almost dead.
Frances hits you from afar with a +5 trident of protection!
You die...

#......4(..#.
#......#####3#3...#.
#............######.
#.. ....##4.........
#.. #...##..........
#.. #...##..........
#.. #...##..........
#..##Z..##3...(.....
#..@.@(.4...........
####################


You could see Frances (fast, very poisoned), a hellwing (summoned), a neqoxec
(summoned) and a wyvern zombie.

Vanquished Creatures
  Harold (D:10)
  4 two-headed ogres
  Nergalle (D:11)
  A sun demon (Volcano)
  A hell knight (Volcano)
  2 unseen horrors (D:10)
  Pikel (D:4)
  2 cyclopes (D:12)
  An ugly thing (Volcano)
  A molten gargoyle (Volcano)
  A centaur skeleton (D:10)
  Maurice (D:9)
  A gargoyle (Volcano)
  Maggie (Lair:1)
  A kobold demonologist (D:11)
  A red devil (Volcano)
  5 trolls
  A meliai zombie (D:13)
  2 hippogriffs
  A shadow (D:11)
  3 hogs (D:8)
  A human (D:8)
  14 yaks
  2 fire bats (Volcano)
  A hungry ghost (D:10)
  4 vampire mosquitoes (D:12)
  Menkaure (D:6)
  2 hell hounds (Volcano)
  2 water moccasins
  An ice beast (D:9)
  A necrophage (D:10)
  An orc warrior (D:6)
  A sky beast (D:8)
  A black bear (D:12)
  An eye of draining (D:13)
  2 slaves (D:4)
  4 phantoms
  3 ogres
  A centaur (D:6)
  Blork the orc (D:4)
  11 bullfrogs
  3 big kobolds
  5 scorpions
  9 killer bees
  6 crimson imps
  6 lava snakes (Volcano)
  2 bullfrog zombies
  2 jellies
  Crazy Yiuf (D:2)
  4 hounds
  6 orc wizards
  4 bullfrog skeletons
  7 orc priests
  Jessica (D:3)
  3 iguanas
  Natasha (thrice) (D:3)
  A statue (D:9)
  8 worker ants
  A hound zombie (D:2)
  4 gnolls
  10 adders
  3 shadow imps
  2 adder zombies
  2 adder skeletons (D:9)
  3 worms
  14 leopard geckos
  25 orcs
  A ball python (D:4)
  6 bats
  3 giant cockroaches
  4 hobgoblins
  10 jackals
  21 kobolds
  6 quokkas
  5 frilled lizards
  11 goblins
  A quokka skeleton (D:8)
  8 rats
299 creatures vanquished.

Vanquished Creatures (others)
  A centaur (D:8)
  A hound skeleton (D:4)
  A plant (Lair:1)
3 creatures vanquished.

Grand Total: 302 creatures vanquished

Notes
Turn   | Place    | Note
-------+----------+-------------------------------------------
     0 | D:1      | gruber the Centaur Hunter began the quest for the Orb.
     0 | D:1      | Reached XP level 1. HP: 17/17 MP: 1/1
   115 | D:1      | Reached skill level 6 in Bows
   115 | D:1      | Reached XP level 2. HP: 24/24 MP: 2/2
   715 | D:1      | Reached XP level 3. HP: 25/29 MP: 3/3
  1237 | D:2      | Found a runed translucent door.
  1238 | D:2      | Noticed Crazy Yiuf
  1351 | D:2      | Reached skill level 7 in Bows
  1566 | D:2      | Reached XP level 4. HP: 36/36 MP: 4/4
  2034 | D:2      | Killed Crazy Yiuf
  2034 | D:2      | Reached skill level 8 in Bows
  2276 | D:3      | Reached XP level 5. HP: 30/41 MP: 5/5
  2363 | D:3      | Noticed Natasha
  2369 | D:3      | Killed Natasha
  2946 | D:3      | Found a sparkling altar of Nemelex Xobeh.
  3018 | D:3      | Noticed Natasha
  3030 | D:3      | Killed Natasha
  3030 | D:3      | Reached skill level 9 in Bows
  3079 | D:3      | Noticed Jessica
  3083 | D:3      | Killed Jessica
  3348 | D:3      | Noticed Natasha
  3355 | D:3      | Killed Natasha
  3355 | D:3      | Reached XP level 6. HP: 44/48 MP: 6/6
  3639 | D:3      | Found an ornate altar of the Wu Jian Council.
  3796 | D:4      | Reached skill level 10 in Bows
  3917 | D:4      | Got a pitted quarterstaff
  3986 | D:4      | Identified the +5 quarterstaff of False Accusations {elec,
                  | rF+ MP+9 Int+6} (You found it on level 4 of the Dungeon)
  4000 | D:4      | Noticed Blork the orc
  4014 | D:4      | Killed Blork the orc
  4014 | D:4      | Reached skill level 1 in Staves
  4086 | D:4      | Noticed a slave
  4086 | D:4      | Noticed a slave
  4129 | D:4      | Killed a slave
  4142 | D:4      | Killed a slave
  4160 | D:4      | Noticed Pikel
  4183 | D:4      | Noticed a slave
  4185 | D:4      | Noticed a slave
  4214 | D:4      | Killed Pikel
  4214 | D:4      | Reached skill level 5 in Staves
  4214 | D:4      | Reached XP level 7. HP: 42/55 MP: 7/7
  4362 | D:4      | Found a staircase to the Ecumenical Temple.
  4451 | Temple   | Entered the Ecumenical Temple
  4807 | D:4      | Reached XP level 8. HP: 60/61 MP: 8/8
  5050 | D:5      | Entered Level 5 of the Dungeon
  6417 | D:6      | Reached XP level 9. HP: 67/67 MP: 9/9
  6439 | D:6      | Noticed Menkaure
  6521 | D:6      | Killed Menkaure
  7603 | D:7      | Got a steaming mace
  7604 | D:7      | Identified the cursed +1 mace of the Hungering Ancients
                  | {flame, rElec rF+ rC+} (You found it on level 7 of the
                  | Dungeon)
  7703 | D:7      | Found a transporter.
  7706 | D:7      | Noticed MisterFreud's ghost (novice OpGl)
  7710 | D:7      | Noticed a moth of wrath
  7808 | D:7      | Found a transporter.
  8121 | D:7      | Reached skill level 5 in Fighting
  8509 | D:8      | Found a radiant altar of Vehumet.
  9193 | D:8      | Found a shadowy altar of Dithmenos.
  9267 | D:8      | Reached XP level 10. HP: 80/89 MP: 10/10
  9398 | D:8      | Found a staircase to the Lair.
  9597 | D:9      | Noticed Maurice
  9670 | D:9      | Killed Maurice
 10040 | D:9      | Found a radiant altar of Vehumet.
 10176 | D:9      | Reached skill level 10 in Fighting
 10268 | D:9      | Found an opulent altar of Gozag.
 10272 | D:9      | Found an iron altar of Okawaru.
 10482 | D:9      | Reached skill level 1 in Armour
 10804 | D:10     | Entered Level 10 of the Dungeon
 10911 | D:10     | Found Emmank's Antique Weapon Shop.
 11064 | D:10     | Found Baefepogh's Book Shop.
 11125 | D:10     | Found Wyuhuca's Antique Armour Shoppe.
 11182 | D:10     | Killed an unseen horror
 11208 | D:10     | Reached skill level 5 in Armour
 11303 | D:10     | Reached XP level 11. HP: 83/99 MP: 11/11
 11447 | D:10     | Killed an unseen horror
 11523 | D:10     | Bought a pair of glowing gloves for 217 gold pieces
 11660 | D:10     | Found Lapsiati's Assorted Antiques.
 11671 | D:10     | Found Alou's Jewellery Shoppe.
 11709 | D:10     | Noticed a two-headed ogre
 11733 | D:10     | Killed a two-headed ogre
 11875 | D:11     | Noticed Harold
 11887 | D:10     | Killed Harold
 11949 | D:9      | Found a shattered altar of Ashenzari.
 11957 | D:9      | Became a worshipper of Warmaster Okawaru
 12251 | D:11     | Noticed a two-headed ogre
 12395 | D:11     | Killed a two-headed ogre
 12395 | D:11     | Reached * piety under Okawaru
 12500 | D:11     | Noticed a two-headed ogre
 12531 | D:11     | Killed a two-headed ogre
 12665 | D:11     | Noticed Nergalle
 12680 | D:11     | Killed Nergalle
 12680 | D:11     | Reached ** piety under Okawaru
 12743 | D:11     | Noticed a sixfirhy
 12792 | D:11     | Found a portal to a secret trove of treasure.
 12859 | D:11     | Found Cicwahem's Armour Emporium.
 13237 | D:12     | Reached skill level 5 in Dodging
 13387 | Lair:1   | Entered Level 1 of the Lair of Beasts
 13498 | Lair:1   | Noticed an oklob plant
 13498 | Lair:1   | Noticed an oklob plant
 13860 | Lair:1   | Reached *** piety under Okawaru
 14054 | Lair:1   | Found a dark tunnel.
 14059 | Volcano  | Entered a volcano
 14440 | Volcano  | Found a radiant altar of Vehumet.
 14440 | Volcano  | Noticed a sun demon
 14440 | Volcano  | Noticed a red ugly thing
 14478 | Volcano  | Killed a sun demon
 14580 | Volcano  | Killed a red ugly thing
 14580 | Volcano  | Reached skill level 11 in Bows
 14580 | Volcano  | Reached XP level 12. HP: 106/106 MP: 10/12
 14729 | Volcano  | Reached **** piety under Okawaru
 15226 | Lair:2   | Noticed Gastronok
 15278 | Lair:2   | Noticed Maggie
 15285 | Lair:2   | Reached skill level 12 in Bows
 15294 | Lair:1   | Killed Maggie
 15886 | D:12     | Reached skill level 13 in Bows
 16081 | D:12     | Found a staircase to the Orcish Mines.
 16255 | D:13     | Noticed Frances
 16312 | D:13     | Noticed a two-headed ogre
 16359 | D:13     | Killed a two-headed ogre
 16482 | D:13     | HP: 3/106 [Frances/+5 trident of protection (12)]
 16492 | D:13     | Mangled by Frances

Illustrated notes

Levels and vault maps discovered:
D:1:      doesnt_arrival_eight_statues, layout_loops_corners
D:2:      layout_basic, minmay_misc_feat_alley, uniq_crazy_yiuf_cottage
D:3:      layout_basic, lemuel_coloured_pillars_altar,
          nemelex_xobeh_ov_fountains_minmay, first_ration, kennysheep_potato,
          uniq_natasha, uniq_jessica
D:4:      layout_cave_pools, minmay_temple_entry_tees, minmay_lizard_king,
          uniq_pikel, uniq_blork_the_orc
D:5:      cheibrodos_helix_gallery, layout_basic
D:6:      layout_cave_pools, uniq_menkaure
D:7:      layout_basic, gammafunk_ghost_berserking_beasts
D:8:      layout_basic, lair_entry_dummy, basic_altar, grunt_livestock,
          nicolae_dithmenos_through_a_glass_darkly
D:9:      layout_loops_cross, vehumet_statue, nicolae_overflow_hidden_temple,
          minmay_diced_spiral, uniq_maurice
D:10:     layout_basic, serial_shops, shop, shop, kennysheep_mini, shop,
          nicolae_shop_waterfront
D:11:     layout_roguey, serial_shops, shop, enter_trove_0, feat_on_display,
          uniq_nergalle, uniq_harold
D:12:     layout_gridville, orc_0_dummy
D:13:     layout_stronghold, uniq_frances
Temple:   eino_temple_rhombus
Lair:1:   layout_small_grid, nicolae_volcano_entry_s_turn,
          chequers_serial_rivers_micro_d, minmay_lair_oklob_chamber
Lair:2:   layout_cave_shapes, uniq_maggie, uniq_gastronok

Skill      XL: |  1  2  3  4  5  6  7  8  9 10 11 12 |
---------------+-------------------------------------+-----
Bows           | 6 7 8 9 10 11 13 | 13.5
Staves         | 5 8 9 |  9.1
Fighting       | 8 10 | 10.0
Armour         | 5 7 |  7.0
Dodging        | 6 |  6.0
Stealth        | |  0.4

Action                   |  1- 3 |  4- 6 |  7- 9 | 10-12 || total
-------------------------+-------+-------+-------+-------++-------
Melee: Short sword       |    50 |       |       |       ||    50
       Kick              |     9 |    12 |    21 |    51 ||    93
       Trident           |       |    23 |       |       ||    23
       Dagger            |       |    23 |       |       ||    23
       Quarterstaff      |       |    19 |    77 |   191 ||   287
 Fire: Shortbow          |    46 |   183 |   349 |   526 ||  1104
Invok: Heroism           |       |       |       |     8 ||     8
Evoke: Wand              |       |       |       |     2 ||     2
  Use: Scroll            |       |     1 |     6 |       ||     7
  Eat: Chunk             |     1 |     5 |    14 |    15 ||    35
       Ration            |       |       |       |     1 ||     1
Armor: Leather armour    |    22 |    33 |    43 |     7 ||   105
       Troll leather arm |       |       |       |   108 ||   108
Dodge: Dodged            |    23 |    42 |    57 |   152 ||   274

Table legend:
 A = Non-vault XP
 B = Vault XP
 C = Vault XP percentage of total XP
 D = Non-vault monster count
 E = Vault monster count
 F = Vault count percentage of total count
                 A         B        C        D         E       F
            +---------+---------+-------+---------+---------+-------
      Total |   19058 |    9314 |  32.8 |     251 |      48 |  16.1
            +---------+---------+-------+---------+---------+-------
        D:1 |      48 |       0 |   0.0 |      19 |       0 |   0.0
        D:2 |      93 |      45 |  32.6 |      28 |       1 |   3.4
        D:3 |     209 |      78 |  27.2 |      26 |       4 |  13.3
        D:4 |     275 |     824 |  75.0 |      12 |       9 |  42.9
        D:5 |     478 |      24 |   4.8 |      17 |       2 |  10.5
        D:6 |    1097 |     165 |  13.1 |      20 |       1 |   4.8
        D:7 |     599 |       0 |   0.0 |      13 |       0 |   0.0
        D:8 |     668 |    1007 |  60.1 |      19 |       5 |  20.8
        D:9 |    2638 |     594 |  18.4 |      23 |       6 |  20.7
       D:10 |    4585 |     970 |  17.5 |      28 |       1 |   3.4
       D:11 |    2945 |     816 |  21.7 |      16 |       1 |   5.9
       D:12 |    2605 |       0 |   0.0 |      10 |       0 |   0.0
       D:13 |    1527 |       0 |   0.0 |      12 |       0 |   0.0
     Lair:1 |    1138 |     543 |  32.3 |       7 |       2 |  22.2
     Lair:2 |     153 |       0 |   0.0 |       1 |       0 |   0.0
    Volcano |       0 |    4248 | 100.0 |       0 |      16 | 100.0
            +---------+---------+-------+---------+---------+-------
